 Dungeon Sprint DCSS version 0.31-a0-210-gccc998df9b (webtiles) character file.

Game seed: 15589866050846987491

19333 123456 the Conqueror (level 19, -1/207 HPs)
             Began as a Minotaur Fighter on May 5, 2023.
             Was an Initiate of Gozag.
             Slain by an Executioner (15 damage)
             ... in the Dungeon (Sprint VI: "Thunderdome") on June 29, 2023.
             The game lasted 00:30:00 (5704 turns).

123456 the Conqueror (Minotaur Fighter)             Turns: 5704, Time: 00:30:01

Health: -1/207     AC: 52    Str: 33    XL:     19   Next: 65%
Magic:  0/27       EV: 21    Int:  9    God:    Gozag
Gold:   21716      SH: 33    Dex: 17    Spells: 18/18 levels left

rFire   + + .        u - +8 demon whip (elec)
rCold   + . .        l - +7 tower shield of Vukhumuci {Will+ Int+4 SInv}
rNeg    . . .        v - +8 crystal plate armour
rPois   .            (helmet unavailable)
rElec   +            S - +4 dragonskin cloak
rCorr   +            N - +3 pair of gauntlets of War {Slay+5}
SInv    +            G - +0 pair of boots of Jigsaw {Int+4}
Will    ++...        o - amulet of Propriety {Spirit rElec rCorr Str+2 Slay+3} Stlth
                     K - ring "Gifim" {MP+9 Str+3 Dex+2}
HPRegen 0.54/turn    L - ring "Qirphosmi" {rF++ rC+ Int-4 Dex+4}
MPRegen 0.20/turn

%: no teleportation, guardian spirit
@: mighty, lethally poisoned (-1 -> -10), slowed, very slow
A: horns 3, retaliatory headbutt, MP-powered wands
0: Orb of Zot
}: 5/15 runes: serpentine, barnacled, slimy, silver, mossy
a: Renounce Religion, Potion Petition, Call Merchant, Bribe Branch


You were in the Dungeon.
You worshipped Gozag.
Gozag was extremely pleased with you.
You visited 1 branch You collected 39527 gold pieces.
You spent 10814 gold pieces at shops.
You paid 6997 gold pieces to Gozag.

Inventory:

Hand Weapons
 u - a +8 demon whip of electrocution (weapon)
Armour
 b - a +0 scale mail
 c - a +0 buckler
 l - the +7 tower shield of Vukhumuci (worn) {Will+ Int+4 SInv}
   (You bought it in a shop in the Dungeon)

   Int:       It affects your intelligence (+4).
   SInv:      It lets you see invisible.
   Will:      It increases your willpower.
 v - a +8 crystal plate armour (worn)
 C - the +0 cloak of Lifiguar {rF- Will+++ Int-4 Slay+5}
   (You bought it in a shop in the Dungeon)

   Int:       It affects your intelligence (-4).
   Slay:      It affects your accuracy & damage with ranged weapons and melee
   (+5).
   rF:        It makes you vulnerable to fire.
   Will:      It greatly increases your willpower.
 D - the +0 pair of boots of Neuqumub {Fly rElec Int-3}
   (You bought it in a shop in the Dungeon)

   Int:       It affects your intelligence (-3).
   rElec:     It insulates you from electricity.
   Fly:       It grants you flight.
 E - the +0 pair of gloves of Lerouph {rPois rF+ MP-9}
   (You bought it in a shop in the Dungeon)

   rF:        It protects you from fire.
   rPois:     It protects you from poison.
   MP:        It affects your magic capacity (-9).
 F - the +0 cloak "Uklyreaxt" {Dex+5 SInv}
   (You bought it in a shop in the Dungeon)

   Dex:       It affects your dexterity (+5).
   SInv:      It lets you see invisible.
 G - the +0 pair of boots of Jigsaw (worn) {Int+4}
   (You bought it in a shop in the Dungeon)

   Int:       It affects your intelligence (+4).
 H - the +0 pair of gloves "Mooru" {rN++ Str+3 Int-3}
   (You bought it in a shop in the Dungeon)

   Str:       It affects your strength (+3).
   Int:       It affects your intelligence (-3).
   rN:        It greatly protects you from negative energy.
 N - the +3 pair of gauntlets of War (worn) {Slay+5}
   (You bought it in a shop in the Dungeon)

   Slay:      It affects your accuracy & damage with ranged weapons and melee
   (+5).
 P - a +2 cloak of stealth
 Q - the +7 plate armour "Seimar" {SInv}
   (You bought it in a shop in the Dungeon)

   SInv:      It lets you see invisible.
 S - the +4 dragonskin cloak (worn)
   (You took it off Tiamat in the Dungeon)

   Avatar's Aegis: It grants the wearer a chance to resist fire, cold, poison,
   electricity, acid, and negative energy.
Jewellery
 a - the ring of the Floral Breadfruit {Ice Str+5 Int+2}
   (You bought it in a shop in the Dungeon)

   [ring of ice]

   It enhances your ice magic.
   Str:       It affects your strength (+5).
   Int:       It affects your intelligence (+2).
   rF:        It makes you vulnerable to fire.
   rC:        It protects you from cold.
 d - the ring "Vufigan" {rElec rCorr Dex+4 Slay-4 Stlth+}
   (You bought it in a shop in the Dungeon)

   [ring of resist corrosion]

   Dex:       It affects your dexterity (+4).
   Slay:      It affects your accuracy & damage with ranged weapons and melee
   (-4).
   rElec:     It insulates you from electricity.
   rCorr:     It protects you from acid and corrosion.
   Stlth:     It makes you more stealthy.
 o - the amulet of Propriety (around neck) {Spirit rElec rCorr Str+2 Slay+3}
   (You bought it in a shop in the Dungeon)

   [amulet of guardian spirit]

   It causes incoming damage to be divided between your reserves of health and
   magic.
   Str:       It affects your strength (+2).
   Slay:      It affects your accuracy & damage with ranged weapons and melee
   (+3).
   rElec:     It insulates you from electricity.
   rCorr:     It protects you from acid and corrosion.
 p - the amulet of Miracles {Reflect Int+4 Dex+3 SH+5 Stlth+}
   (You bought it in a shop in the Dungeon)

   [amulet of reflection]

   It reflects blocked missile attacks.
   Int:       It affects your intelligence (+4).
   Dex:       It affects your dexterity (+3).
   SH:        It affects your SH (+5).
   Stlth:     It makes you more stealthy.
 q - the amulet "Karoher" {Acrobat Harm rF- rCorr SInv}
   (You bought it in a shop in the Dungeon)

   [amulet of the acrobat]

   It increases your evasion while moving and waiting.
   rF:        It makes you vulnerable to fire.
   SInv:      It lets you see invisible.
   rCorr:     It protects you from acid and corrosion.
   Harm:      It increases damage dealt and taken.
 r - the amulet of Gozag's Hatred {Reflect *Corrode rN++ Str+3 SH+5}
   (You bought it in a shop in the Dungeon)

   [amulet of reflection]

   It reflects blocked missile attacks.
   Str:       It affects your strength (+3).
   rN:        It greatly protects you from negative energy.
   *Corrode:  It may corrode you when you take damage.
   SH:        It affects your SH (+5).
 t - the ring "Inehyixi" {rC+ Slay+6}
   (You bought it in a shop in the Dungeon)

   [ring of protection from cold]

   Slay:      It affects your accuracy & damage with ranged weapons and melee
   (+6).
   rC:        It protects you from cold.
 w - the ring of the Moon {Wiz rF+ rN+}
   (You bought it in a shop in the Dungeon)

   [ring of wizardry]

   It improves your spell success rate.
   rF:        It protects you from fire.
   rN:        It protects you from negative energy.
 x - the ring "Zeekh" {Fire Dex+4}
   (You bought it in a shop in the Dungeon)

   [ring of fire]

   It enhances your fire magic.
   Dex:       It affects your dexterity (+4).
   rF:        It protects you from fire.
   rC:        It makes you vulnerable to cold.
 y - the ring "Odashrump" {Str+4 SInv}
   (You bought it in a shop in the Dungeon)

   [ring of see invisible]

   Str:       It affects your strength (+4).
   SInv:      It lets you see invisible.
 z - the ring of Virtue {rC+ EV+5}
   (You bought it in a shop in the Dungeon)

   [ring of evasion]

   EV:        It affects your evasion (+5).
   rC:        It protects you from cold.
 A - the ring of Prescription {Wiz rN+}
   (You bought it in a shop in the Dungeon)

   [ring of wizardry]

   It improves your spell success rate.
   rN:        It protects you from negative energy.
 B - the ring "Orcheid" {AC+4 Str+4}
   (You bought it in a shop in the Dungeon)

   [ring of protection]

   AC:        It affects your AC (+4).
   Str:       It affects your strength (+4).
 I - the ring "Una Amp" {rC+ MP+9}
   (You bought it in a shop in the Dungeon)

   [ring of magical power]

   rC:        It protects you from cold.
   MP:        It affects your magic capacity (+9).
 K - the ring "Gifim" (left hand) {MP+9 Str+3 Dex+2}
   (You bought it in a shop in the Dungeon)

   [ring of magical power]

   Str:       It affects your strength (+3).
   Dex:       It affects your dexterity (+2).
   MP:        It affects your magic capacity (+9).
 L - the ring "Qirphosmi" (right hand) {rF++ rC+ Int-4 Dex+4}
   (You bought it in a shop in the Dungeon)

   [ring of protection from cold]

   Int:       It affects your intelligence (-4).
   Dex:       It affects your dexterity (+4).
   rF:        It greatly protects you from fire.
   rC:        It protects you from cold.
 M - the ring of Ishomn {rPois rCorr Str+4}
   (You bought it in a shop in the Dungeon)

   [ring of poison resistance]

   Str:       It affects your strength (+4).
   rPois:     It protects you from poison.
   rCorr:     It protects you from acid and corrosion.
Wands
 m - a wand of iceblast (8)
 J - a wand of paralysis (8)
 O - a wand of digging (8)
Scrolls
 j - 4 scrolls of blinking
 n - 3 scrolls of fog
Potions
 e - 5 potions of curing
 f - 8 potions of heal wounds
 g - 4 potions of haste
 h - 2 potions of magic
 i - 6 potions of berserk rage
 k - a potion of resistance
 R - 5 potions of might


   Skills:
 O Level 27 Fighting
 O Level 27 Maces & Flails
 O Level 27 Armour
 O Level 27 Dodging
 + Level 20.0 Stealth
 O Level 27 Shields


You had 18 spell levels left.
You didn't know any spells.
Your spell library was empty.

Dungeon Overview and Level Annotations

Branches:
Dungeon (1/1)

Altars:
Cheibriados
Dithmenos
Fedhas
Gozag
Kikubaaqudgha
Makhleb
Okawaru
Qazlal
Ru
Sif Muna
Trog
Uskayaw
Vehumet
Wu Jian
Xom
Yredelemnul
Zin
The Shining One
Lugonu

Shops:
D [?[(??*?*[:[((!!!!


Innate Abilities, Weirdness & Mutations

You have a pair of large horns on your head.
You reflexively headbutt those who attack you in melee.
You expend magic power (3 MP) to strengthen your wands.


Message History

The Executioner hits you.
* * * LOW HITPOINT WARNING * * *
You block the Executioner's attack.
You feel better.
You are engulfed in dark miasma.
You are poisoned.
* * * LOW HITPOINT WARNING * * *
x2 You feel extremely sick.
You block the Executioner's attack. The Executioner misses you.
You block the Executioner's attack. The Executioner misses you.
The Executioner completely misses you.
The Executioner hits you but does no damage.
The Executioner gestures.
The Executioner seems to speed up.
The Executioner hits you but does no damage.
You block the Executioner's attack. The Executioner barely misses you.
The Executioner completely misses you. The Executioner misses you.
The Executioner hits you but does no damage.
You block the Executioner's attack.
The Executioner hits you but does no damage.
The Executioner barely misses you. You block the Executioner's attack.
The Executioner barely misses you.
The Executioner hits you but does no damage.
You feel much better.
You feel very sick. You block the Executioner's attack.
The Executioner hits you but does no damage. x2
You block the Executioner's attack. The Executioner barely misses you.
You block the Executioner's attack.
The Executioner hits you but does no damage.
You block the Executioner's attack. x2; The Executioner hits you!
* * * LOW HITPOINT WARNING * * *
The Executioner barely misses you. The Executioner closely misses you.
The Executioner misses you. You block the Executioner's attack.
The Executioner hits you but does no damage. x3
The Executioner barely misses you. The death drake breathes miasma at you.
The foul vapour engulfs the Executioner.
The Executioner completely resists.
The Executioner hits you!
You die...
Your body crumbles into a pile of gold.

##.__.).(...###..[[$$°_.∩
###∩.[[....$8.# #.8..○○°..[
##.)..)).[))...###...☼.°○..)
#⌠.()...)[[∩###k..###○○.....
#[.[.(.([.[∩# #.k.# #○°[....
#⌠....([[.○∩###k).###.......
##...(.....○○kk###.[.[......
###∩..([..○18.# #.8.)......
##∩___..@1○.###.....)___∩
######○8○..[.[[()8.#####
#⌠[[...(.....⌠#
###[........### #_......._#
#_..(...._# #_.)(...._#
#∩.......∩# ##∩.....∩##


You could see 4 death drakes and 2 Executioners.

Vanquished Creatures
  Dissolution (D)
  Ignacio (D)
  Mennas (D)
  Tiamat (D)
  An orb of fire (D)
  A royal mummy (D)
  Boris (twice) (D)
  Agnes (D)
  2 electric golems (D)
  9 Orb Guardians (D)
  A lich (D)
  A titan (D)
  6 Executioners (D)
  2 ancient champions (D)
  2 sphinxes (D)
  A thorn hunter (D)
  A revenant (D)
  A merfolk avatar (D)
  A nagaraja (D)
  2 frost giants (D)
  3 fire giants (D)
  A ghost moth (D)
  An ironbound preserver (D)
  6 spriggan defenders (D)
  2 apis (D)
  A quicksilver ooze (D)
  8 stone giants (D)
  5 vampire knights (D)
  2 anacondas (D)
  A dire elephant (D)
  A spark wasp (shapeshifter) (D)
  A mummy priest (D)
  An eidolon (D)
  A shambling mangrove (D)
  A jiangshi (D)
  An entropy weaver (D)
  7 ogre magi (D)
  An ice dragon (shapeshifter) (D)
  5 spriggan air magi (D)
  15 boulder beetles (D)
  2 vault guards (D)
  A jorogumo (D)
  A boulder beetle (shapeshifter) (D)
  3 death yaks (D)
  A death scarab (D)
  2 naga warriors (D)
  10 spriggans (D)
  4 vampire magi (D)
  9 spriggan berserkers (D)
  A shock serpent (D)
  A sixfirhy (D)
  2 soul eaters (D)
  A glowing orange brain (shapeshifter) (D)
  An orb spider (D)
  A death drake (shapeshifter) (D)
  A swamp dragon (shapeshifter) (D)
  A deep elf zephyrmancer (D)
  A mana viper (D)
  2 steelbarb worms (shapeshifter) (D)
  A mana viper (shapeshifter) (D)
  An oklob plant (D)
  2 fauns (D)
  6 cyclopes (D)
  A moth of wrath (D)
  A cyclops (shapeshifter) (D)
  2 moths of wrath (shapeshifter) (D)
  A salamander (shapeshifter) (D)
  A rust devil (D)
  3 naga magi (D)
  2 smoke demons (D)
  3 guardian mummies (D)
  2 dryads (D)
  5 wind drakes (D)
  A hellwing (D)
  13 hornets (D)
  A tarantella (D)
  2 queen bees (D)
  2 dream sheep (D)
  A snapping turtle (D)
  A flying skull (D)
  21 air elementals (D)
  A culicivora (D)
  2 ushabtiu (D)
  7 yaks (D)
  A chaos spawn (D)
  10 neqoxecs (D)
  A water moccasin (shapeshifter) (D)
  2 floating eyes (D)
  2 wolves (D)
  2 scorpions (D)
  6 killer bees (D)
  3 mummies (D)
  2 adders (D)
  An adder zombie (D)
  2 worms (D)
  An orc (D)
  3 endoplasms (D)
  A goblin (D)
  A hobgoblin (D)
  A ball python (D)
  5 kobolds (D)
274 creatures vanquished.

Vanquished Creatures (collateral kills)
  A frost giant (D)
  A stone giant (D)
  A cyclops (D)
3 creatures vanquished.

Vanquished Creatures (others)
  A stone giant (D)
  A cyclops (D)
  An air elemental (D)
3 creatures vanquished.

Grand Total: 280 creatures vanquished

Notes
Turn   | Place    | Note
-------+----------+-------------------------------------------
     0 | D        | 123456 the Minotaur Fighter began the quest for the Orb.
     0 | D        | Reached XP level 1. HP: 19/19 MP: 0/0
     4 | D        | Found a stormy altar of Qazlal.
     4 | D        | Found an ancient bone altar of Kikubaaqudgha.
     5 | D        | Found a basalt altar of Yredelemnul.
     5 | D        | Found a hide-covered altar of Uskayaw.
     5 | D        | Round 1.
     6 | D        | Found an ornate altar of the Wu Jian Council.
     6 | D        | Found Nuum's Magic Scroll Shop.
     6 | D        | Found Ymiusep's Staff Store.
     7 | D        | Found Zyisegicw's Magic Scroll Shop.
     7 | D        | Found Saebbox's Must-Have Magic.
     9 | D        | Found an iron altar of Okawaru.
    15 | D        | Found a shadowy altar of Dithmenos.
    17 | D        | Found Monack's Distillery.
    19 | D        | Found Mufont's Distillery.
    19 | D        | Found Poesserph's Bottled Wisdom.
    19 | D        | Found a shimmering blue altar of Sif Muna.
    19 | D        | Found a blossoming altar of Fedhas.
    19 | D        | Found a glowing silver altar of Zin.
    19 | D        | Found Moffud's Do-It-Yourself Clinic.
    23 | D        | Found a snail-covered altar of Cheibriados.
    24 | D        | Found a sacrificial altar of Ru.
    25 | D        | Found a corrupted altar of Lugonu.
    26 | D        | Found Luoret's Weapon Rack.
    27 | D        | Found Wutas's Basic Armour.
    27 | D        | Found Titzamam's Miscellaneous Merchandise.
    28 | D        | Found a shimmering altar of Xom.
    28 | D        | Found a burning altar of Makhleb.
    28 | D        | Found a radiant altar of Vehumet.
    28 | D        | Found Nakie's Premium Goods.
    33 | D        | Found an opulent altar of Gozag.
    34 | D        | Found a glowing golden altar of the Shining One.
    35 | D        | Found Utasop's Identification Station.
    36 | D        | Found Taviosh's Advanced Armour.
    36 | D        | Found Duer's Jewellery.
    41 | D        | Became a worshipper of Gozag Ym Sagoz the Greedy
    47 | D        | Reached skill level 1 in Dodging
    47 | D        | Reached XP level 2. HP: 12/28 MP: 1/1
    48 | D        | Found a bloodstained altar of Trog.
    77 | D        | Reached skill level 5 in Fighting
    80 | D        | Arena points: 14 (+14) [x2]
   134 | D        | Round 2.
   151 | D        | Reached XP level 3. HP: 27/36 MP: 2/2
   231 | D        | Bought a slimy crystal amulet for 45 gold pieces
   231 | D        | Identified the amulet of Propriety {Spirit rElec rCorr
                  | Str+2 Slay+3} (You bought it in a shop in the Dungeon)
   231 | D        | Bought a sparkling jade amulet for 45 gold pieces
   231 | D        | Identified the amulet of Miracles {Reflect Int+4 Dex+3 SH+5
                  | Stlth+} (You bought it in a shop in the Dungeon)
   231 | D        | Bought a sparkling jade amulet for 45 gold pieces
   231 | D        | Identified the amulet "Karoher" {Acrobat Harm rF- rCorr
                  | SInv} (You bought it in a shop in the Dungeon)
   231 | D        | Bought a translucent garnet amulet for 45 gold pieces
   231 | D        | Identified the amulet of Gozag's Hatred {Reflect *Corrode
                  | rN++ Str+3 SH+5} (You bought it in a shop in the Dungeon)
   268 | D        | Noticed a scorpion
   269 | D        | Noticed a scorpion
   271 | D        | Bought 4 potions of curing for 84 gold pieces
   271 | D        | Bought 3 potions of heal wounds for 105 gold pieces
   271 | D        | Bought 3 potions of heal wounds for 105 gold pieces
   275 | D        | Killed a scorpion
   276 | D        | Reached skill level 5 in Armour
   276 | D        | Reached XP level 4. HP: 43/47 MP: 1/3
   276 | D        | Killed a scorpion
   277 | D        | Reached XP level 5. HP: 49/53 MP: 1/4
   318 | D        | Bought a potion of mutation for 56 gold pieces
   318 | D        | Gained mutation: You sometimes lose your temper in combat.
                  | [potion of mutation]
   318 | D        | Gained mutation: Your spells are a little easier to cast,
                  | but a little less powerful. [potion of mutation]
   322 | D        | Arena points: 24 (+10) [x1]
   328 | D        | Bought 2 potions of mutation for 112 gold pieces
   328 | D        | Lost mutation: You sometimes lose your temper in combat.
                  | [potion of mutation]
   328 | D        | Lost mutation: Your spells are a little easier to cast, but
                  | a little less powerful. [potion of mutation]
   328 | D        | Gained mutation: You have a pair of large horns on your
                  | head. [potion of mutation]
   328 | D        | Gained mutation: You are strong-willed. (Will+) [potion of
                  | mutation]
   328 | D        | Gained mutation: You are partially covered in iridescent
                  | scales. (AC +2) [potion of mutation]
   328 | D        | Gained mutation: You have an increased reservoir of magic.
                  | (+10% MP) [potion of mutation]
   337 | D        | Round 3.
   355 | D        | Bought a scroll of brand weapon for 95 gold pieces
   372 | D        | Noticed a floating eye
   377 | D        | Killed a floating eye
   378 | D        | Reached skill level 5 in Dodging
   403 | D        | Noticed a floating eye
   404 | D        | Paralysed by a floating eye for 2 turns
   407 | D        | Killed a floating eye
   408 | D        | Reached skill level 10 in Fighting
   408 | D        | Reached XP level 6. HP: 66/66 MP: 5/5
   466 | D        | Arena points: 42 (+18) [x1]
   481 | D        | Round 4.
   663 | D        | Arena points: 66 (+24) [x1]
   678 | D        | Round 5.
   682 | D        | Noticed a giant anaconda
   706 | D        | Killed a giant anaconda
   706 | D        | Arena points: 171 (+105) [x3]
   707 | D        | Reached XP level 7. HP: 36/78 MP: 0/6
   707 | D        | Reached XP level 8. HP: 39/85 MP: 0/7
   707 | D        | Got a serpentine rune of Zot
   920 | D        | Round 6.
   927 | D        | Noticed a guardian mummy
   935 | D        | Killed a guardian mummy
   954 | D        | Bought a +0 demon whip for 450 gold pieces
   984 | D        | Bought a scroll of brand weapon for 95 gold pieces
  1021 | D        | Noticed a guardian mummy
  1030 | D        | Killed a guardian mummy
  1030 | D        | Arena points: 207 (+36) [x1]
  1031 | D        | Reached skill level 10 in Armour
  1045 | D        | Round 7.
  1060 | D        | Noticed a smoke demon
  1068 | D        | Killed a smoke demon
  1087 | D        | Bought a coiled tin ring for 45 gold pieces
  1087 | D        | Identified the ring of the Floral Breadfruit {Ice Str+5
                  | Int+2} (You bought it in a shop in the Dungeon)
  1087 | D        | Bought a faintly glowing copper ring for 45 gold pieces
  1087 | D        | Identified the ring "Inehyixi" {rC+ Slay+6} (You bought it
                  | in a shop in the Dungeon)
  1087 | D        | Noticed a smoke demon
  1088 | D        | Noticed a sixfirhy
  1089 | D        | Noticed a soul eater
  1096 | D        | Killed a sixfirhy
  1097 | D        | Reached XP level 9. HP: 68/96 MP: 6/8
  1101 | D        | Killed a soul eater
  1102 | D        | Reached skill level 15 in Fighting
  1102 | D        | Reached skill level 15 in Maces & Flails
  1104 | D        | Killed a smoke demon
  1105 | D        | Reached skill level 10 in Dodging
  1175 | D        | Noticed a hellwing
  1178 | D        | Noticed a rust devil
  1184 | D        | Killed a hellwing
  1190 | D        | Killed a rust devil
  1190 | D        | Arena points: 319 (+112) [x2]
  1191 | D        | Reached XP level 10. HP: 39/108 MP: 6/10
  1212 | D        | Bought 8 scrolls of enchant weapon for 600 gold pieces
  1249 | D        | Round 8.
  1395 | D        | Arena points: 535 (+216) [x3]
  1436 | D        | Round 9.
  1530 | D        | Bought a +0 crystal plate armour for 960 gold pieces
  1574 | D        | Arena points: 931 (+396) [x4]
  1608 | D        | Bought 4 scrolls of enchant armour for 300 gold pieces
  1608 | D        | Bought 4 scrolls of enchant armour for 300 gold pieces
  1628 | D        | Round 10.
  1685 | D        | Noticed a dimme
  1702 | D        | Killed a dimme
  1702 | D        | Arena points: 1471 (+540) [x6]
  1703 | D        | Got a barnacled rune of Zot
  1704 | D        | Reached XP level 11. HP: 114/119 MP: 9/11
  1705 | D        | Reached XP level 12. HP: 123/128 MP: 9/12
  1717 | D        | Bought a scorched bronze ring for 45 gold pieces
  1717 | D        | Identified the ring "Vufigan" {rElec rCorr Dex+4 Slay-4
                  | Stlth+} (You bought it in a shop in the Dungeon)
  1717 | D        | Bought a pitted turquoise ring for 45 gold pieces
  1717 | D        | Identified the ring of the Moon {Wiz rF+ rN+} (You bought
                  | it in a shop in the Dungeon)
  1717 | D        | Bought a transparent lead ring for 45 gold pieces
  1717 | D        | Identified the ring "Zeekh" {Fire Dex+4} (You bought it in
                  | a shop in the Dungeon)
  1717 | D        | Bought a transparent lead ring for 45 gold pieces
  1717 | D        | Identified the ring "Odashrump" {Str+4 SInv} (You bought it
                  | in a shop in the Dungeon)
  1717 | D        | Bought a pitted glass ring for 45 gold pieces
  1717 | D        | Identified the ring of Virtue {rC+ EV+5} (You bought it in
                  | a shop in the Dungeon)
  1717 | D        | Bought a slimy amber ring for 45 gold pieces
  1717 | D        | Identified the ring of Prescription {Wiz rN+} (You bought
                  | it in a shop in the Dungeon)
  1717 | D        | Bought a pitted silver ring for 45 gold pieces
  1717 | D        | Identified the ring "Orcheid" {AC+4 Str+4} (You bought it
                  | in a shop in the Dungeon)
  1759 | D        | Bought 4 potions of curing for 84 gold pieces
  1759 | D        | Bought 3 potions of heal wounds for 105 gold pieces
  1759 | D        | Bought 3 potions of heal wounds for 105 gold pieces
  1759 | D        | Bought 3 potions of heal wounds for 105 gold pieces
  1905 | D        | Round 11.
  1907 | D        | Noticed a boulder beetle
  1915 | D        | Killed a boulder beetle
  1928 | D        | Noticed a boulder beetle
  1932 | D        | Killed a boulder beetle
  1940 | D        | Noticed a boulder beetle
  1949 | D        | Noticed a boulder beetle
  1949 | D        | Noticed a boulder beetle
  1953 | D        | Killed a boulder beetle
  1964 | D        | Noticed a boulder beetle
  1964 | D        | Noticed a boulder beetle
  1971 | D        | Killed a boulder beetle
  1972 | D        | Reached XP level 13. HP: 112/137 MP: 13/13
  2034 | D        | Reached skill level 15 in Armour
  2061 | D        | Arena points: 2472 (+1001) [x7]
  2086 | D        | Round 12.
  2127 | D        | Noticed a nagaraja
  2138 | D        | Killed a nagaraja
  2152 | D        | Arena points: 3144 (+672) [x8]
  2165 | D        | Bought a blackened cloak for 332 gold pieces
  2165 | D        | Identified the +0 cloak of Lifiguar {rF- Will+++ Int-4
                  | Slay+5} (You bought it in a shop in the Dungeon)
  2165 | D        | Bought a pair of brightly glowing boots for 332 gold pieces
  2165 | D        | Identified the +0 pair of boots of Neuqumub {Fly rElec
                  | Int-3} (You bought it in a shop in the Dungeon)
  2165 | D        | Bought a pair of dazzling gloves for 332 gold pieces
  2165 | D        | Identified the +0 pair of gloves of Lerouph {rPois rF+
                  | MP-9} (You bought it in a shop in the Dungeon)
  2165 | D        | Bought a fine cloak for 332 gold pieces
  2165 | D        | Identified the +0 cloak "Uklyreaxt" {Dex+5 SInv} (You
                  | bought it in a shop in the Dungeon)
  2165 | D        | Bought a pair of smoking boots for 332 gold pieces
  2165 | D        | Identified the +0 pair of boots of Jigsaw {Int+4} (You
                  | bought it in a shop in the Dungeon)
  2165 | D        | Bought a pair of twisted gloves for 332 gold pieces
  2165 | D        | Identified the +0 pair of gloves "Mooru" {rN++ Str+3 Int-3}
                  | (You bought it in a shop in the Dungeon)
  2167 | D        | Round 13.
  2196 | D        | Noticed a ghost moth
  2203 | D        | Killed a ghost moth
  2328 | D        | Arena points: 3261 (+117) [x1]
  2343 | D        | Round 14.
  2355 | D        | Reached skill level 15 in Dodging
  2383 | D        | Paralysed by an ogre mage for 5 turns
  2469 | D        | Reached XP level 14. HP: 154/157 MP: 14/14
  2471 | D        | Arena points: 3653 (+392) [x2]
  2492 | D        | Bought a dazzling tower shield for 332 gold pieces
  2492 | D        | Identified the +7 tower shield of Vukhumuci {Will+ Int+4
                  | SInv} (You bought it in a shop in the Dungeon)
  2533 | D        | Round 15.
  2547 | D        | Noticed Agnes
  2564 | D        | Killed Agnes
  2564 | D        | Arena points: 4313 (+660) [x4]
  2568 | D        | Got a mossy rune of Zot
  2569 | D        | Reached XP level 15. HP: 132/166 MP: 12/15
  2756 | D        | Round 16.
  2800 | D        | Noticed a titan
  2815 | D        | Noticed a fire giant
  2835 | D        | Killed a fire giant
  2865 | D        | Killed a titan
  2874 | D        | Noticed a fire giant
  2879 | D        | Arena points: 4489 (+176) [x1]
  2894 | D        | Round 17.
  2895 | D        | Noticed a thorn hunter
  2905 | D        | Killed a thorn hunter
  3036 | D        | Arena points: 4965 (+476) [x2]
  3096 | D        | Round 18.
  3150 | D        | Bought a fine kite shield for 332 gold pieces
  3150 | D        | Identified the +0 kite shield of Parts Unknown {Will+} (You
                  | bought it in a shop in the Dungeon)
  3155 | D        | Noticed a frost giant
  3155 | D        | Noticed a frost giant
  3161 | D        | Killed a frost giant
  3164 | D        | Killed a frost giant
  3193 | D        | Killed a frost giant
  3194 | D        | Noticed a fire giant
  3204 | D        | Killed a fire giant
  3216 | D        | Noticed a fire giant
  3245 | D        | Killed a fire giant
  3277 | D        | Arena points: 5253 (+288) [x1]
  3292 | D        | Round 19.
  3305 | D        | Reached skill level 27 in Fighting
  3356 | D        | Reached skill level 27 in Maces & Flails
  3417 | D        | Arena points: 5709 (+456) [x2]
  3497 | D        | Round 20.
  3510 | D        | Bought a warped silver ring for 45 gold pieces
  3510 | D        | Identified the ring "Una Amp" {rC+ MP+9} (You bought it in
                  | a shop in the Dungeon)
  3510 | D        | Bought a twitching granite ring for 45 gold pieces
  3510 | D        | Identified the ring "Gifim" {MP+9 Str+3 Dex+2} (You bought
                  | it in a shop in the Dungeon)
  3510 | D        | Bought a slimy pewter ring for 45 gold pieces
  3510 | D        | Identified the ring "Qirphosmi" {rF++ rC+ Int-4 Dex+4} (You
                  | bought it in a shop in the Dungeon)
  3510 | D        | Bought a translucent lead ring for 45 gold pieces
  3510 | D        | Identified the ring of Ishomn {rPois rCorr Str+4} (You
                  | bought it in a shop in the Dungeon)
  3564 | D        | Noticed Mennas
  3601 | D        | Killed Mennas
  3601 | D        | Arena points: 6669 (+960) [x4]
  3605 | D        | Got a silver rune of Zot
  3606 | D        | Reached XP level 16. HP: 130/183 MP: 16/16
  3739 | D        | Bought the +3 pair of gauntlets of War {Slay+5} for 1330
                  | gold pieces
  3739 | D        | Found the +3 pair of gauntlets of War {Slay+5}
  3739 | D        | Bought an embroidered cloak for 210 gold pieces
  3806 | D        | Round 21.
  3818 | D        | Noticed an ancient champion
  3822 | D        | Killed an ancient champion
  3834 | D        | Reached XP level 17. HP: 191/191 MP: 17/17
  3846 | D        | Noticed Boris
  3857 | D        | Killed Boris
  3878 | D        | Noticed a lich
  3881 | D        | Noticed Boris
  3884 | D        | Killed a lich
  3895 | D        | Killed Boris
  3985 | D        | Arena points: 7026 (+357) [x1]
  4000 | D        | Round 22.
  4152 | D        | Noticed a royal mummy
  4164 | D        | Killed a royal mummy
  4190 | D        | Noticed a royal mummy
  4191 | D        | Arena points: 7268 (+242) [x1]
  4206 | D        | Round 23.
  4314 | D        | Reached skill level 27 in Armour
  4390 | D        | Arena points: 7613 (+345) [x1]
  4405 | D        | Round 24.
  4487 | D        | Reached skill level 27 in Dodging
  4503 | D        | Reached skill level 1 in Stealth
  4503 | D        | Reached skill level 10 in Shields
  4590 | D        | Arena points: 8525 (+912) [x2]
  4609 | D        | Round 25.
  4619 | D        | Noticed Dissolution
  4627 | D        | Paralysed by a floating eye for 4 turns
  4642 | D        | Gained mutation: You are frail. (-10% HP) [a shining eye]
  4643 | D        | Paralysed by a floating eye for 4 turns
  4650 | D        | Killed Dissolution
  4650 | D        | Arena points: 9925 (+1400) [x4]
  4657 | D        | Bought a fine plate armour for 588 gold pieces
  4657 | D        | Identified the +7 plate armour "Seimar" {SInv} (You bought
                  | it in a shop in the Dungeon)
  4661 | D        | Bought a scroll of blinking for 120 gold pieces
  4661 | D        | Bought a scroll of blinking for 120 gold pieces
  4661 | D        | Bought a scroll of acquirement for 832 gold pieces
  4661 | D        | Acquired 763 gold pieces
  4663 | D        | Got a slimy rune of Zot
  4838 | D        | Round 26.
  4876 | D        | Reached XP level 18. HP: 180/180 MP: 18/18
  4967 | D        | Reached skill level 5 in Stealth
  4987 | D        | Arena points: 12395 (+2470) [x5]
  5042 | D        | Round 27.
  5057 | D        | Noticed an orb of fire
  5067 | D        | Gained mutation: Your spells are a little easier to cast,
                  | but a little less powerful. [an orb of fire]
  5069 | D        | Killed an orb of fire
  5070 | D        | Noticed an Orb Guardian
  5075 | D        | Noticed an Orb Guardian
  5076 | D        | Killed an Orb Guardian
  5082 | D        | Killed an Orb Guardian
  5086 | D        | Noticed an Orb Guardian
  5087 | D        | Noticed an Orb Guardian
  5096 | D        | Killed an Orb Guardian
  5098 | D        | Killed an Orb Guardian
  5099 | D        | Reached skill level 27 in Shields
  5167 | D        | Noticed an Orb Guardian
  5170 | D        | Noticed an electric golem
  5171 | D        | Noticed an Orb Guardian
  5173 | D        | Noticed an Orb Guardian
  5173 | D        | Found the +4 dragonskin cloak
  5173 | D        | Noticed Tiamat
  5175 | D        | Killed an Orb Guardian
  5177 | D        | Noticed an electric golem
  5179 | D        | Noticed an Orb Guardian
  5182 | D        | Killed an Orb Guardian
  5191 | D        | Killed an Orb Guardian
  5192 | D        | Reached skill level 10 in Stealth
  5196 | D        | Killed an electric golem
  5209 | D        | Killed an Orb Guardian
  5213 | D        | Noticed an Orb Guardian
  5226 | D        | Killed Tiamat
  5230 | D        | Killed an Orb Guardian
  5236 | D        | Killed an electric golem
  5236 | D        | Arena points: 14825 (+2430) [x6]
  5419 | D        | Round 28.
  5448 | D        | Paralysed by an air elemental for 1 turns
  5459 | D        | Paralysed by a greater air elemental for 1 turns
  5469 | D        | Reached skill level 15 in Stealth
  5475 | D        | Paralysed by an air elemental for 1 turns
  5503 | D        | Paralysed by a greater air elemental for 1 turns
  5532 | D        | Paralysed by an air elemental for 1 turns
  5543 | D        | Paralysed by an air elemental for 1 turns
  5554 | D        | Paralysed by an air elemental for 1 turns
  5583 | D        | Arena points: 19333 (+4508) [x7]
  5614 | D        | Round 29.
  5619 | D        | Upgraded the game from 0.31-a0-7-g51783674b7 to
                  | 0.31-a0-210-gccc998df9b
  5623 | D        | Reached XP level 19. HP: 186/186 MP: 19/19
  5624 | D        | Bought a potion of curing for 21 gold pieces
  5624 | D        | Bought 5 potions of berserk rage for 175 gold pieces
  5624 | D        | Bought 3 potions of mutation for 168 gold pieces
  5624 | D        | Bought 6 potions of might for 168 gold pieces
  5624 | D        | Lost mutation: You are frail. (-10% HP) [potion of
                  | mutation]
  5624 | D        | Lost mutation: You are strong-willed. (Will+) [potion of
                  | mutation]
  5624 | D        | Lost mutation: Your spells are a little easier to cast, but
                  | a little less powerful. [potion of mutation]
  5624 | D        | Gained mutation: Your spells are a little harder to cast,
                  | but a little more powerful. [potion of mutation]
  5624 | D        | Gained mutation: You are clumsy. (Dex -2) [potion of
                  | mutation]
  5625 | D        | Lost mutation: You have a pair of large horns on your head.
                  | [potion of mutation]
  5625 | D        | Lost mutation: Your spells are a little harder to cast, but
                  | a little more powerful. [potion of mutation]
  5625 | D        | Gained mutation: You do not regenerate when monsters are
                  | visible. [potion of mutation]
  5626 | D        | Lost mutation: You have an increased reservoir of magic.
                  | (+10% MP) [potion of mutation]
  5626 | D        | Lost mutation: You are clumsy. (Dex -2) [potion of
                  | mutation]
  5626 | D        | Lost mutation: You are partially covered in iridescent
                  | scales. (AC +2) [potion of mutation]
  5626 | D        | Gained mutation: You occasionally shout uncontrollably at
                  | your foes. [potion of mutation]
  5626 | D        | Gained mutation: Your mind is acute. (Int +4, Str/Dex -1)
                  | [potion of mutation]
  5627 | D        | Lost mutation: Your mind is acute. (Int +4, Str/Dex -1)
                  | [potion of mutation]
  5627 | D        | Lost mutation: You do not regenerate when monsters are
                  | visible. [potion of mutation]
  5627 | D        | Lost mutation: You occasionally shout uncontrollably at
                  | your foes. [potion of mutation]
  5627 | D        | Gained mutation: You expend magic power (3 MP) to
                  | strengthen your wands. [potion of mutation]
  5627 | D        | Gained mutation: You have a pair of large horns on your
                  | head. [potion of mutation]
  5656 | D        | Noticed Ignacio
  5670 | D        | Killed Ignacio
  5698 | D        | Got the Orb of Zot
  5703 | D        | HP: 7/207 [poisoned by a death drake (dark miasma)]
  5704 | D        | Slain by an Executioner

Illustrated notes

Levels and vault maps discovered:
D:        arena_sprint

Skill      XL: |  1  2  3  4  5  6  7  8  9 10 11 12 13 14 15 16 17 18 19 |
---------------+----------------------------------------------------------+-----
Fighting       | 4 5 7 10 12 14 16 18 19 23 24 27 | 27.0
Maces & Flails | 3 4 6 7 9 12 14 16 17 18 19 23 24 27 | 27.0
Armour         | 4 5 6 7 9 11 12 13 14 17 22 27 | 27.0
Dodging        | 1 2 3 4 5 7 9 10 11 12 15 16 20 27 | 27.0
Shields        | 7 22 27 | 27.0
Stealth        | 4 16 20 | 20.0

Action                     |  1- 3 |  4- 6 |  7- 9 | 10-12 | 13-15 | 16-18 | 19-21 || total
---------------------------+-------+-------+-------+-------+-------+-------+-------++-------
  Melee: Flail             |    21 |    23 |     6 |       |       |       |       ||    50
         Headbutt          |     2 |     4 |    10 |    15 |    96 |   122 |    10 ||   259
         Demon whip        |       |       |    32 |    65 |   301 |   406 |    27 ||   831
  Throw: Stone             |       |     4 |       |       |       |       |       ||     4
 Invoke: Potion Petition   |       |     1 |       |       |       |     1 |       ||     2
         Bribe Branch      |       |       |       |       |     1 |       |       ||     1
         Call Merchant     |       |       |       |       |       |     4 |       ||     4
  Evoke: Wand              |       |     6 |     1 |       |     2 |       |       ||     9
    Use: Potion            |       |     4 |       |     2 |     2 |     8 |    13 ||    29
         Scroll            |       |       |     2 |    16 |       |     1 |     2 ||    21
   Stab: Distracted        |       |       |       |       |     4 |     4 |     1 ||     9
         Betrayed ally     |       |       |       |       |     3 |       |       ||     3
 Armour: Scale mail        |    20 |    11 |     4 |     3 |       |       |       ||    38
         Crystal plate arm |       |       |       |     7 |    68 |   103 |   101 ||   279
  Dodge: Dodged            |    16 |    15 |    13 |    12 |    51 |   120 |    88 ||   315
  Block: Buckler           |     8 |     8 |     6 |     2 |    15 |       |       ||    39
         Tower shield      |       |       |       |       |    94 |   328 |   138 ||   560

Table legend: (Time is in decaauts)
 A = Elapsed time spent in this place.
 B = Non-inter-level travel time spent in this place.
 C = Inter-level travel time spent in this place.
 D = Time resting spent in this place.
 E = Time spent auto-exploring this place.
 F = Levels seen in this place.
 G = Mean time per level.
                   A        B        C        D        E       F      G
               +--------+--------+--------+--------+--------+-----+--------+
         Total |   5353 |   5326 |     27 |   1879 |    872 |   1 | 5353.0 |
       Dungeon |   5353 |   5326 |     27 |   1879 |    872 |   1 | 5353.0 |
               +--------+--------+--------+--------+--------+-----+--------+

Top non-repeatable levels by time:
       D: 5353 daAuts
